Map: Abiogenesis LE

Players

Infamous - Winner!

  • Race: Protoss Protoss
  • League: Silver
  • Spawn Location: 5:00

Draquiem

  • Race: Protoss Protoss
  • League: Gold
  • Spawn Location: 11:00

VOD

Have the link to the VOD?

Description

Time

  • Played on: April 9, 2018, 1:19 p.m.
  • Length: 9:17
Show
View Real Time Build Order
Export as new Build Order

Infamous Protoss - Winner!

Build Orders:  

Get SALT Encoding   

  12  0:01  Probe  
  13  0:14  Pylon  
  13  0:18  Probe (Chrono Boost)  
  15  0:28  Probe (Chrono Boost)  
  15  0:34  Gateway  
  15  0:45  Probe  
  16  0:58  Probe  
  16  1:03  Assimilator  
  17  1:11  Gateway  
  17  1:23  Pylon  
  17  1:34  Cybernetics Core  
  17  1:42  Pylon  
  17  1:45  Probe (Chrono Boost)  
  18  1:48  Zealot  
  20  1:59  Probe (Chrono Boost), Zealot  
  23  2:16  Warp Gate (Chrono Boost)  
  23  2:22  Adept  
  25  2:23  Probe  
  26  2:34  Gateway  
  26  2:38  Pylon  
  26  3:03  Probe, Pylon  
  27  3:07  Adept (Chrono Boost)  
  31  3:15  Assimilator, Adept (Chrono Boost)  
  31  3:24  Probe  
  32  3:37  Robotics Facility  
  32  4:06  Nexus  
  32  4:13  Twilight Council  
  32  4:21  Adept  
  34  4:25  Adept  
  34  4:30  Adept  
  38  4:35  Observer  
  39  4:39  Probe  
  40  4:51  Probe  
  41  4:57  Gateway  
  41  5:03  Gateway  
  37  5:30  Adept x3  
  37  5:35  Probe x2  
  43  5:42  Gateway  
  43  5:51  Immortal (Chrono Boost)  
  47  6:00  Blink  
  47  6:06  Probe  
  47  6:07  Probe  
  49  6:22  Probe x2  
  51  6:34  Pylon, Probe x2  
  53  6:40  Dark Shrine, Stalker  
  53  6:42  Zealot  
  53  6:46  Probe  
  58  7:09  Pylon  
  58  7:18  Forge  
  58  7:36  Pylon  
  58  7:39  Gateway  
  58  7:40  Gateway  
  58  7:49  Immortal  
  62  7:53  Dark Templar  
  62  7:54  Dark Templar x2  
  62  7:55  Dark Templar  
  62  7:57  Dark Templar  
  72  8:21  Stalker  
  74  8:57  Stalker x2  
  74  8:58  Stalker x3  
Show
View Real Time Build Order
Export as new Build Order

Draquiem Protoss 

Build Orders:  

Get SALT Encoding   

  12  0:01  Probe  
  13  0:13  Probe (Chrono Boost)  
  14  0:21  Pylon  
  14  0:25  Probe (Chrono Boost)  
  15  0:34  Assimilator  
  15  0:37  Probe (Chrono Boost)  
  16  0:49  Probe  
  17  0:53  Assimilator  
  17  1:01  Probe  
  18  1:10  Assimilator  
  18  1:17  Gateway  
  18  1:23  Forge  
  18  1:28  Probe (Chrono Boost)  
  19  1:38  Probe (Chrono Boost)  
  20  1:48  Pylon  
  19  2:00  Photon Cannon  
  19  2:04  Pylon  
  19  2:07  Zealot  
  21  2:14  Cybernetics Core  
  21  2:24  Probe  
  21  2:25  Pylon  
  22  2:36  Probe  
  23  2:43  Protoss Ground Weapons Level 1 (Chrono Boost)  
  23  2:48  Probe  
  24  2:56  Warp Gate (Chrono Boost)  
  24  3:00  Probe  
  24  3:03  Stalker  
  27  3:18  Robotics Facility  
  27  3:26  Twilight Council  
  27  3:40  Stalker  
  29  3:59  Nexus  
  29  4:06  Pylon  
  29  4:13  Pylon  
  29  4:16  Observer  
  30  4:17  Charge (Chrono Boost)  
  30  4:29  Gateway  
  30  4:37  Protoss Ground Weapons Level 2  
  23  5:27  Immortal (Chrono Boost)  
  27  5:41  Pylon  
  27  5:44  Probe (Chrono Boost)  
  28  5:53  Probe (Chrono Boost)  
  28  5:54  Observer  
  28  5:56  Probe (Chrono Boost)  
  30  5:58  Probe (Chrono Boost)  
  31  6:05  Probe  
  32  6:17  Probe  
  33  6:26  Zealot  
  33  6:27  Zealot  
  33  6:29  Probe  
  38  6:36  Robotics Facility  
  38  6:41  Probe (Chrono Boost)  
  39  6:49  Assimilator  
  39  6:53  Probe (Chrono Boost)  
  39  6:54  Assimilator  
  40  7:00  Probe (Chrono Boost)  
  41  7:02  Immortal (Chrono Boost)  
  41  7:08  Probe  
  45  7:14  Zealot  
  48  7:21  Probe (Chrono Boost)  
  51  7:30  Probe (Chrono Boost)  
  51  7:31  Probe (Chrono Boost)  
  51  7:36  Pylon  
  52  7:37  Probe (Chrono Boost)  
  52  7:39  Probe (Chrono Boost)  
  52  7:42  Probe (Chrono Boost)  
  54  7:54  Probe  
  59  8:18  Pylon  
  41  8:38  Zealot  
  34  8:52  Photon Cannon  
Tags
 
Matchup
PvP
Replay Pack
Last Remnant (2)
Spawn Locations
Cross Positions
Add a new tag
Caveats
  • Supply blocks, unpowered buildings, or Contaminate may cause inaccurate times.
  • Supply counts are checked every 10 seconds.